Map: Kairos Junction LE

Players

Perfectsus

  • Race: Zerg Zerg
  • League: Diamond
  • Spawn Location: 5:00

Szerspliex - Winner!

  • Race: Protoss Protoss
  • League: Diamond
  • Spawn Location: 11:00

VOD

Have the link to the VOD?

Description

Time

  • Played on: Aug. 4, 2019, 8:42 p.m.
  • Length: 19:04
Show
View Real Time Build Order
Export as new Build Order

Perfectsus Zerg 

Build Orders: 3 Hatch before Pool, Lurkers, Swarm Host 

Get SALT Encoding   

  12  0:01  Drone  
  13  0:08  Drone  
  14  0:15  Extractor  
  14  0:16  Drone  
  14  0:20  Extractor  
  13  0:22  Drone  
  16  0:49  Hatchery, Overlord  
  15  1:13  Hatchery  
  15  1:14  Drone  
  15  1:31  Spawning Pool  
  14  1:33  Drone  
  14  1:36  Drone  
  16  1:40  Drone  
  16  1:46  Extractor  
  16  1:50  Drone  
  18  1:57  Hatchery  
  18  2:00  Drone  
  18  2:02  Drone  
  18  2:07  Drone  
  20  2:17  Drone  
  20  2:19  Queen  
  23  2:27  Zergling x2  
  24  2:30  Drone  
  25  2:38  Queen  
  25  2:40  Overlord  
  27  2:47  Drone  
  28  2:52  Overlord  
  28  3:02  Drone  
  28  3:03  Drone x2  
  32  3:06  Hatchery  
  32  3:08  Drone x2  
  33  3:17  Spore Crawler  
  32  3:24  Spore Crawler  
  32  3:26  Drone x3, Roach Warren  
  33  3:33  Burrow  
  33  3:38  Extractor  
  33  3:49  Spine Crawler  
  33  3:51  Drone  
  33  3:52  Drone x2  
  33  3:53  Spine Crawler  
  34  3:57  Drone x5  
  39  4:05  Overlord  
  39  4:09  Extractor  
  38  4:15  Metabolic Boost  
  38  4:18  Queen  
  38  4:19  Drone  
  38  4:20  Drone x3  
  38  4:22  Overlord x2  
  44  4:36  Drone x2  
  44  4:38  Spine Crawler  
  45  4:39  Roach x3  
  45  4:44  Roach  
  53  4:56  Queen  
  53  4:57  Extractor  
  54  5:02  Extractor, Drone x2  
  54  5:06  Lair  
  55  5:12  Spore Crawler  
  53  5:18  Drone x3  
  56  5:25  Spore Crawler  
  56  5:27  Zergling x2  
  56  5:28  Zergling x4  
  58  5:29  Drone x2  
  60  5:39  Drone x2  
  62  5:43  Spine Crawler  
  61  5:54  Drone x2  
  61  5:55  Drone  
  64  5:59  Roach x2  
  64  6:02  Overlord x2  
  68  6:07  Hydralisk Den  
  68  6:09  Glial Reconstitution  
  68  6:10  Evolution Chamber  
  66  6:12  Drone  
  66  6:13  Drone  
  66  6:14  Evolution Chamber  
  67  6:23  Baneling Nest  
  67  6:25  Overseer x2  
  66  6:34  Drone  
  66  6:35  Drone  
  68  6:41  Lurker Den, Zerg Missile Weapons Level 1  
  67  7:00  Hydralisk x5  
  77  7:09  Spore Crawler  
  77  7:15  Drone x3  
  79  7:16  Spine Crawler  
  79  7:22  Zergling x4  
  80  7:23  Zergling x2  
  80  7:27  Hatchery  
  80  7:32  Overlord x2  
  80  7:41  Zerg Melee Weapons Level 1  
  80  7:44  Muscular Augments  
  80  7:46  Hydralisk x2  
  83  7:54  Drone  
  83  7:55  Drone x4  
  83  7:58  Drone  
  89  8:07  Lurker x4  
  89  8:10  Drone x4  
  97  8:41  Extractor  
  96  8:42  Extractor  
  96  8:48  Hydralisk x4  
  95  8:52  Spire  
  95  8:55  Grooved Spines  
  102  8:57  Zerg Ground Armor Level 1  
  102  9:11  Drone x3  
  102  9:12  Drone  
  102  9:14  Hatchery, Overlord x3  
  102  9:16  Spore Crawler  
  104  9:23  Queen  
  105  9:47  Spore Crawler  
  102  10:10  Corruptor x6  
  102  10:13  Hydralisk x5  
  120  10:19  Hatchery  
  104  10:36  Drone x7  
  104  10:37  Drone x3  
  114  10:54  Spine Crawler, Queen  
  114  10:55  Spine Crawler  
  114  10:56  Drone  
  115  11:03  Zerg Missile Weapons Level 2  
  115  11:04  Zerg Ground Armor Level 2  
  115  11:11  Infestation Pit  
  114  11:14  Drone  
  114  11:15  Drone x8  
  114  11:16  Drone  
  114  11:17  Spine Crawler  
  114  11:18  Spore Crawler, Lurker x3  
  125  11:19  Drone x2, Lurker x2  
  125  11:24  Spine Crawler  
  128  11:26  Drone x2  
  128  11:27  Spore Crawler  
  129  11:36  Zerg Flyer Weapons Level 1  
  129  11:38  Drone  
  129  11:39  Drone x6  
  136  11:49  Overlord x3  
  136  11:55  Hive  
  136  12:00  Extractor  
  136  12:01  Extractor  
  134  12:02  Spine Crawler  
  133  12:10  Swarm Host x4  
  133  12:11  Swarm Host  
  133  12:14  Overlord  
  133  12:15  Overlord x2  
  160  12:17  Pneumatized Carapace  
  121  12:41  Corruptor x4  
  126  12:46  Hydralisk x2  
  124  13:01  Hydralisk  
  124  13:02  Hydralisk x4  
  124  13:03  Hydralisk  
  123  13:42  Hatchery  
  123  13:43  Spore Crawler  
  123  13:45  Overseer, Spore Crawler  
  123  13:46  Overseer x2, Spore Crawler  
  103  14:11  Drone x3  
  103  14:12  Drone x10  
  103  14:24  Queen  
  103  14:35  Hydralisk x6  
  111  14:42  Queen  
  110  14:47  Drone x5  
  101  15:16  Drone x11  
  90  15:31  Hatchery  
  86  15:38  Hydralisk x3  
  86  15:39  Hydralisk x3  
  98  15:45  Lurker x2  
  100  15:50  Queen  
  100  15:54  Hydralisk  
  100  15:55  Hydralisk x2  
  100  15:56  Queen  
  108  16:00  Spire  
  90  16:20  Hydralisk x2  
  90  16:21  Hydralisk x2  
  96  16:38  Zergling x8  
  96  16:52  Hydralisk x2  
  100  17:00  Hydralisk  
  100  17:01  Hydralisk  
  94  17:06  Drone x9  
  92  17:13  Hatchery  
  92  17:14  Hydralisk x5  
  100  17:17  Corruptor  
  100  17:21  Hatchery  
  100  17:22  Extractor  
  100  17:23  Extractor  
  92  17:49  Drone x2  
  94  17:52  Drone  
  94  17:55  Drone x3  
  92  18:08  Hydralisk  
  91  18:18  Corruptor  
  85  18:26  Drone  
  80  18:38  Mutalisk x2  
  80  18:39  Mutalisk x2, Lurker  
  57  19:00  Hatchery  
Show
View Real Time Build Order
Export as new Build Order

Szerspliex Protoss - Winner!

Build Orders: Carriers, Zealot Archon, Dark Templar Rush 

Get SALT Encoding   

  12  0:01  Probe  
  13  0:13  Probe  
  14  0:19  Pylon  
  14  0:25  Probe  
  15  0:33  Probe  
  15  0:41  Gateway  
  16  0:43  Probe  
  17  0:53  Assimilator  
  17  0:55  Probe  
  18  1:03  Probe  
  19  1:12  Probe  
  20  1:30  Cybernetics Core  
  20  1:32  Forge  
  20  1:36  Probe  
  21  1:43  Assimilator  
  21  1:48  Probe  
  21  1:49  Assimilator  
  22  1:58  Warp Gate  
  22  2:09  Pylon  
  22  2:16  Photon Cannon  
  22  2:19  Shield Battery  
  22  2:24  Probe  
  25  2:35  Adept  
  25  2:36  Probe  
  26  2:51  Twilight Council  
  26  2:54  Robotics Facility  
  26  2:57  Gateway x2  
  26  3:05  Probe  
  27  3:08  Stalker  
  29  3:17  Probe  
  30  3:27  Pylon  
  30  3:29  Probe  
  31  3:36  Dark Shrine  
  31  3:48  Warp Prism  
  33  3:58  Sentry  
  33  3:59  Stalker  
  33  4:00  Stalker  
  39  4:24  Nexus  
  39  4:32  Pylon  
  39  4:52  Dark Templar  
  39  4:53  Dark Templar  
  43  5:20  Probe  
  40  5:23  Dark Templar  
  40  5:25  Zealot x2  
  40  5:27  Charge  
  46  5:30  Probe  
  46  5:32  Probe  
  47  5:38  Probe  
  47  5:40  Probe  
  49  5:46  Probe  
  49  5:48  Zealot x2  
  54  5:55  Assimilator  
  54  5:56  Protoss Ground Weapons Level 1, Dark Templar  
  57  6:03  Archon  
  57  6:10  Probe x2  
  59  6:21  Pylon  
  59  6:22  Probe x2  
  61  6:30  Pylon  
  61  6:34  Pylon, Probe  
  61  6:39  Probe  
  63  6:52  Pylon  
  63  7:14  Observer  
  64  7:16  Zealot x3  
  64  7:18  Probe  
  64  7:19  Probe  
  72  7:26  Gateway x2  
  72  7:29  Gateway  
  72  7:30  Probe  
  72  7:31  Probe, Gateway  
  72  7:32  Pylon  
  74  7:43  Probe x2  
  76  7:53  Nexus  
  76  7:57  Gateway  
  76  7:58  Gateway  
  76  8:02  Pylon  
  76  8:11  Dark Templar  
  76  8:12  Dark Templar  
  80  8:14  Protoss Ground Weapons Level 2, Dark Templar  
  80  8:18  Probe x2  
  84  8:28  Archon  
  84  8:30  Probe x2  
  84  8:32  Zealot x4  
  98  8:41  Immortal  
  98  8:52  Probe  
  98  8:53  Probe  
  98  8:54  Stargate  
  98  8:55  Stargate  
  100  8:58  Assimilator  
  100  9:01  Dark Templar  
  102  9:44  Zealot x5  
  102  9:45  Zealot x2  
  108  10:05  Dark Templar x6  
  108  10:06  Probe  
  117  10:07  Probe x2  
  117  10:10  Assimilator  
  117  10:12  Assimilator  
  117  10:21  Nexus  
  117  10:22  Probe x2  
  73  10:42  Zealot x3  
  70  10:43  Zealot x6  
  70  10:46  Immortal  
  86  10:54  Void Ray x2  
  98  11:13  Probe x3  
  101  11:18  Zealot x6  
  101  11:20  Archon  
  101  11:21  Archon x2  
  101  11:23  Observer  
  101  11:25  Probe x3  
  117  11:37  Probe x2, Void Ray x2  
  127  11:40  Probe  
  127  11:43  Observer  
  128  11:49  Pylon  
  128  11:51  Pylon  
  129  12:02  Immortal  
  133  12:10  Pylon  
  133  12:11  Probe x4  
  133  12:12  Pylon  
  133  12:14  Pylon  
  137  12:15  Pylon  
  137  12:23  Probe  
  110  12:54  Void Ray x2  
  102  13:11  Dark Templar x9  
  104  13:37  Void Ray x2  
  104  13:49  Fleet Beacon  
  98  14:20  Zealot  
  98  14:21  Zealot x8  
  98  14:22  Void Ray x2  
  112  14:44  Zealot  
  112  14:45  Zealot x8  
  130  14:48  Carrier x2  
  130  14:49  Protoss Ground Weapons Level 3  
  122  15:05  Protoss Air Weapons Level 1  
  118  15:14  Immortal  
  118  15:16  Zealot x9  
  134  15:44  Assimilator  
  134  15:45  Assimilator  
  134  15:52  Photon Cannon  
  134  15:55  Photon Cannon  
  134  15:57  Photon Cannon  
  134  16:00  Shield Battery  
  134  16:01  Shield Battery  
  134  16:05  Shield Battery  
  98  16:19  Carrier x2  
  98  16:21  Zealot x9  
  102  16:56  Zealot x5  
  102  16:57  Zealot x4  
  106  17:12  Nexus  
  106  17:13  Pylon  
  106  17:15  Carrier x2  
  106  17:24  Zealot x7  
  106  17:28  Observer  
  109  17:47  Zealot  
  109  17:48  Zealot x8  
  127  17:52  Photon Cannon  
  127  18:08  Dark Templar  
  127  18:09  Dark Templar x5  
  139  18:26  Probe x3  
  139  18:27  Probe x2  
  150  18:53  Zealot x6  
  150  18:54  Zealot x3  
Tags
 
Add a new tag
Caveats
  • Supply blocks, unpowered buildings, or Contaminate may cause inaccurate times.
  • Supply counts are checked every 10 seconds.